[Event "Early-Titled-Tuesday-Blitz-July-09-2024"]
[Site "Chess.com"]
[Date "2024.07.09"]
[Round "6"]
[White "KogotBobra17"]
[Black "Igor_Janik"]
[Result "0-1"]
[WhiteElo "2662"]
[BlackElo "2886"]
[TimeControl "180+1"]
[EndTime "9:07:31 PDT"]
[Termination "Igor_Janik won by checkmate"]

1. f4 Nh6 2. e4 e5 3. Nf3 exf4 4. d4 d5 5. exd5 Bd6 6. Bd3 O-O 7. O-O Bg4 8. c4 b6 9. Nc3 Nd7 10. Qc2 f5 11. Ng5 Qxg5 12. Nb5 Qf6 13. Bxf4 Bxf4 14. Rxf4 Rac8 15. Nxa7 g5 16. Rf2 Rce8 17. Nc6 f4 18. Bxh7+ Kg7 19. Bd3 Nf5 20. h3 Ne3 21. Qd2 Bf5 22.
b3 Bxd3 23. Qxd3 Nf5 24. Raf1 Re3 25. Qd2 Rfe8 26. b4 Ng3 27. Rd1 Qg6 28. c5 Ne4 29. Qc2 Nxf2 30. Qxf2 Qe4 31. Kh2 Qxd5 32. b5 Re2 33.
Qf1 f3 34. Nb4 Qf5 35. Rd3 Rxg2+ 36. Kh1 Qxh3# 0-1

[Event "Early-Titled-Tuesday-Blitz-July-09-2024"]
[Site "Chess.com"]
[Date "2024.07.09"]
[Round "6"]
[White "FMalexhdez"]
[Black "AlphaPerseii"]
[Result "1-0"]
[WhiteElo "2278"]
[BlackElo "2422"]
[TimeControl "180+1"]
[EndTime "9:07:32 PDT"]
[Termination "FMalexhdez won by resignation"]

1. e4 c5 2. Nf3 Nc6 3. d4 cxd4 4.
Nxd4 Nf6 5. Nc3 d6 6. g3 g6 7. Bg2 Bg7 8. O-O O-O 9. Nde2 a6 10.
a4 Nd7 11. h3 Nc5 12. Be3 Bd7 13. Nf4 Rc8 14. Nd3 Nxd3 15. cxd3 Nd4 16. Kh2 Qa5 17. f4 Rfe8 18. e5 dxe5 19. Nd5 exf4 20. Rxf4 Ne6 21.
Bb6 1-0

[Event "Early-Titled-Tuesday-Blitz-July-09-2024"]
[Site "Chess.com"]
[Date "2024.07.09"]
[Round "6"]
[White "twofoxniel"]
[Black "ilovejokes555"]
[Result "0-1"]
[WhiteElo "2632"]
[BlackElo "2359"]
[TimeControl "180+1"]
[EndTime "9:07:33 PDT"]
[Termination "ilovejokes555 won by resignation"]

1. e4 c5 2. d4 cxd4 3. c3 d3 4. Bxd3 Nc6 5. Nf3 d6 6. Bc4 e6 7. O-O Nf6 8. Qe2 Be7 9. Rd1 Qc7 10. Bf4 O-O 11. Na3 e5 12. Bg5 a6 13. Rd2 Be6 14. Rad1 Rad8 15. h3 b5 16. Bb3 Na5 17. Bxe6 fxe6 18.
Qe3 Nc4 19. Nxc4 bxc4 20. Qe2 Rb8 21. Nh2 Qc6 22. Nf1 Rb7 23. Bxf6 Rxf6 24. f3 Rf8 25. Ne3 Rc8 26. Qf2 Qc5 27. Nf1 Qxf2+ 28. Rxf2 Rcb8 29. Rdd2 d5 30. exd5 Bc5 31. dxe6 Rxb2 32. e7 Kf7 33.
Rxb2 Rxb2 0-1

[Event "Early-Titled-Tuesday-Blitz-July-09-2024"]
[Site "Chess.com"]
[Date "2024.07.09"]
[Round "6"]
[White "Herzog2012"]
[Black "Naruto75_3"]
[Result "0-1"]
[WhiteElo "2710"]
[BlackElo "2558"]
[TimeControl "180+1"]
[EndTime "9:07:35 PDT"]
[Termination "Naruto75_3 won on time"]

1. e4 c5 2. Nf3 d6 3. d4 cxd4 4.
Nxd4 Nf6 5. Nc3 a6 6. Bg5 e6 7. f4 Nbd7 8. Qf3 Be7 9. O-O-O Qc7 10. g4 b5 11. Bxf6 Nxf6 12. g5 Nd7 13. f5 Ne5 14. Qh5 g6 15. fxg6 Nxg6 16. h4 Bb7 17. Bh3 b4 18.
Nce2 Bxe4 19. Rhf1 Rc8 20. Rd2 d5 21. Qh6 Qe5 22. Qh5 a5 23. Qg4 a4 24. h5 Nf8 25.
Nf3 Qc7 26. Nfd4 b3 27. Nc3 bxa2 28. Nxa2 a3 29. b3 Qe5 30. Bg2 Bxg5 31. Bxe4 Bxd2+ 32. Kxd2 Qxd4+ 33. Kc1 dxe4 34. Rd1 Qb2+ 0-1

[Event "Early-Titled-Tuesday-Blitz-July-09-2024"]
[Site "Chess.com"]
[Date "2024.07.09"]
[Round "6"]
[White "Chaubunagungamaug1"]
[Black "kripri"]
[Result "1-0"]
[WhiteElo "2492"]
[BlackElo "2324"]
[TimeControl "180+1"]
[EndTime "9:07:35 PDT"]
[Termination "Chaubunagungamaug1 won by resignation"]

1. d4 f5 2. c4 Nf6 3. Nc3 g6 4. h4 Bg7 5. h5 gxh5 6. Bf4 O-O 7. e3 e6 8. Nge2 b6 9. Ng3 h4 10. Rxh4 Ng4 11. Rh1 Bb7 12. Be2 Nf6 13. Bf3 Bxf3 14. Qxf3 Nc6 15. O-O-O Ne7 16. Nh5 Ng6 17. Nxg7 Kxg7 18.
Bh6+ Kg8 19. Bxf8 Qxf8 20. Kb1 Qb4 21. e4 f4 22. e5 Rf8 23. exf6 Rxf6 24. d5 e5 25. Ne4 Rf8 26. Qb3 Qe7 27. d6 cxd6 28. c5+ Kh8 29. cxd6 Qd8 30. Qd5 Qe8 31. Ng5 1-0

[Event "Early-Titled-Tuesday-Blitz-July-09-2024"]
[Site "Chess.com"]
[Date "2024.07.09"]
[Round "6"]
[White "malakismayil"]
[Black "urano56"]
[Result "1-0"]
[WhiteElo "2531"]
[BlackElo "2391"]
[TimeControl "180+1"]
[EndTime "9:07:42 PDT"]
[Termination "malakismayil won by resignation"]

1. e4 e6 2. d4 d5 3. Nd2 c5 4. exd5 exd5 5. Ngf3 a6 6. Be2 Nf6 7. O-O Be7 8. dxc5 Bxc5 9. Nb3 Bd6 10. Nbd4 O-O 11.
h3 Nc6 12. c3 Bc7 13. Bg5 Re8 14. Bd3 h6 15. Bh4 Be6 16. Re1 g5 17. Bg3 Bxg3 18. fxg3 Qd6 19. g4 b5 20. a3 Rab8 21. Qd2 Ne4 22.
Qc2 Nxd4 23. Nxd4 Nc5 24. Bf5 Kg7 25. Qf2 a5 26. Rad1 b4 27. axb4 axb4 28. Nf3 bxc3 29. bxc3 Nb3 30. c4 Bxf5 31. Rxe8 Rxe8 32. gxf5 d4 33. Nxd4 Rd8 34. Ne6+ Qxe6 35. fxe6 Rxd1+ 36. Kh2 fxe6 37. Qb2+ Nd4 38. c5 e5 39. Qb7+ Kf6 40.
c6 Ne6 41. c7 Nxc7 42. Qxc7 Rd4 43. Qh7 Rh4 44. g4 h5 45. Qf5+ 1-0

[Event "Early-Titled-Tuesday-Blitz-July-09-2024"]
[Site "Chess.com"]
[Date "2024.07.09"]
[Round "6"]
[White "NikFil2013"]
[Black "Silent-Killer100"]
[Result "1-0"]
[WhiteElo "2387"]
[BlackElo "2501"]
[TimeControl "180+1"]
[EndTime "9:07:44 PDT"]
[Termination "NikFil2013 won by resignation"]

1. d4 Nf6 2. c4 c6 3. Nc3 d5 4. cxd5 cxd5 5. Bg5 Nc6 6. e3 g6 7. Bd3 Bg7 8. Nf3 h6 9. Bf4 Nh5 10. Bg3 Nxg3 11. hxg3 Bg4 12. Qc2 Qd7 13. Bxg6 Bxf3 14. gxf3 fxg6 15. Qxg6+ Kf8 16. Rh5 e6 17. O-O-O Qf7 18.
Qg4 Rg8 19. Qh3 Re8 20. g4 Qe7 21. Nxd5 exd5 22. Rf5+ Bf6 23. Qxh6+ Kf7 24. g5 Rxg5 25. Qxg5 Rh8 26. Rg1 Qe6 27. Qg7+ Ke8 28. Rxf6 1-0

[Event "Early-Titled-Tuesday-Blitz-July-09-2024"]
[Site "Chess.com"]
[Date "2024.07.09"]
[Round "6"]
[White "abelmat"]
[Black "prosequi"]
[Result "0-1"]
[WhiteElo "2114"]
[BlackElo "2336"]
[TimeControl "180+1"]
[EndTime "9:07:50 PDT"]
[Termination "prosequi won by checkmate"]

1. d4 Nf6 2. c4 d6 3. Nc3 e5 4. e3 Nbd7 5. Bd3 g6 6. Nge2 Bg7 7. O-O O-O 8. h3 c6 9. b3 Re8 10. Bb2 e4 11. Bc2 d5 12. Rc1 Nf8 13. Bb1 Be6 14.
cxd5 cxd5 15. Nb5 Qd7 16. Nc7 Bxh3 17. Nxe8 Rxe8 18. Ba3 Bg4 19. Qd2 Ne6 20. Rfe1 Ng5 21.
Qb4 Bf8 22. Qa5 Bxa3 23. Qxa3 Nf3+ 24. gxf3 Bxf3 25. Qc5 Qh3 26. Nf4 Qh1# 0-1

[Event "Early-Titled-Tuesday-Blitz-July-09-2024"]
[Site "Chess.com"]
[Date "2024.07.09"]
[Round "6"]
[White "Schack-Hugo"]
[Black "Ordekalog"]
[Result "1-0"]
[WhiteElo "2557"]
[BlackElo "2710"]
[TimeControl "180+1"]
[EndTime "9:07:51 PDT"]
[Termination "Schack-Hugo won by resignation"]

1. Nf3 d5 2. b3 c5 3. e3 e6 4.
Bb2 Nf6 5. Bb5+ Bd7 6. a4 Bd6 7. O-O Nc6 8. d4 a6 9. Bd3 O-O 10. Ne5 cxd4 11. exd4 Qc7 12. f4 Nb4 13. Nd2 Nxd3 14.
cxd3 g6 15. Ndf3 Nh5 16. g3 Ng7 17. Ng4 Be7 18. Ne3 Rfc8 19. Ne5 Be8 20. N3g4 f6 21. Nh6+ Kf8 22. Rc1 Qb6 23. Rxc8 Rxc8 24. Nf3 Bxa4 25. bxa4 Qxb2 26. a5 Bb4 27. Qa1 Rc2 28. Qa4 Rg2+ 29.
Kh1 Rf2 30. Rxf2 Qxf2 31. Qxb4+ Ke8 32. Ng1 Nh5 33. Qxb7 Nxg3+ 34. hxg3 Qxg3 35. Qf7+ Kd8 36. Qxf6+ Kd7 37. Nf7 1-0

[Event "Early-Titled-Tuesday-Blitz-July-09-2024"]
[Site "Chess.com"]
[Date "2024.07.09"]
[Round "6"]
[White "GrumbleBruno"]
[Black "AcostaPablo"]
[Result "1-0"]
[WhiteElo "2519"]
[BlackElo "2687"]
[TimeControl "180+1"]
[EndTime "9:07:51 PDT"]
[Termination "GrumbleBruno won on time"]

1. e4 e6 2. d3 d5 3. Qe2 Nf6 4.
Nf3 c5 5. g3 Nc6 6. e5 Nd7 7.
Bg2 Be7 8. c4 dxc4 9. dxc4 Qc7 10. Bf4 g5 11. Nxg5 Nd4 12. Qd1 Bxg5 13. Bxg5 Qxe5+ 14. Be3 Nf5 15. O-O Nxe3 16. fxe3 Qxe3+ 17. Kh1 h5 18.
Nc3 h4 19. Nd5 exd5 20. Re1 d4 21. Rxe3+ dxe3 22. Qf3 hxg3 23. Qxe3+ Kf8 24. Re1 Rxh2+ 25. Kg1 Rh5 26. Qe7+ Kg7 27. Rf1 Ne5 28. Bd5 Bh3 29. Bxf7 1-0

[Event "Early-Titled-Tuesday-Blitz-July-09-2024"]
[Site "Chess.com"]
[Date "2024.07.09"]
[Round "6"]
[White "Bkmzzzzz"]
[Black "Alenzer"]
[Result "1-0"]
[WhiteElo "2423"]
[BlackElo "2172"]
[TimeControl "180+1"]
[EndTime "9:07:51 PDT"]
[Termination "Bkmzzzzz won on time"]

1. e4 c5 2. Nf3 e6 3. d3 Nc6 4.
g3 g6 5. Bg2 Bg7 6. O-O Nge7 7.
Re1 O-O 8. Nbd2 d5 9. e5 f6 10.
exf6 Bxf6 11. c3 Bg7 12. Nf1 Qc7 13. Bf4 e5 14. Bg5 Bg4 15. h3 Bxf3 16. Bxf3 Rad8 17.
Bg2 h6 18. Be3 b6 19. Qg4 Kh7 20. Rad1 Nf5 21. Bc1 Qf7 22. Re2 h5 23. Qf3 Qe6 24. Ree1 Nfd4 25. Qe3 Nc2 26. Qd2 Nxe1 27. Rxe1 e4 28.
dxe4 1-0

[Event "Early-Titled-Tuesday-Blitz-July-09-2024"]
[Site "Chess.com"]
[Date "2024.07.09"]
[Round "6"]
[White "klimkoj"]
[Black "Trendle"]
[Result "0-1"]
[WhiteElo "2865"]
[BlackElo "2673"]
[TimeControl "180+1"]
[EndTime "9:07:52 PDT"]
[Termination "Trendle won by resignation"]

1. e4 e6 2. d4 d5 3. Nd2 a6 4. Ngf3 Nf6 5. e5 Nfd7 6. Bd3 c5 7. c3 Nc6 8. O-O g5 9. Nb1 g4 10. Ne1 cxd4 11. cxd4 Nxd4 12. Qxg4 Nc6 13. f4 Nc5 14. Bc2 Bd7 15. Be3 Qb6 16. b3 O-O-O 17.
Bf2 d4 18. a3 Nxb3 19. Ra2 Nc1 20. Ra1 Qb2 21. Qd1 Bh6 22. Be4 Bxf4 23. Nc2 Nb3 24. Qf3 Bxe5 25. Qd3 Nxa1 26. Nxa1 Qxa1 27. Qb3 d3 28.
Nd2 Qc3 29. Qd1 Qc2 30. Qe1 Bd4 31. Nf3 Bxf2+ 32. Rxf2 Qc4 33. Rb2 f5 34. Bxc6 Bxc6 0-1

[Event "Early-Titled-Tuesday-Blitz-July-09-2024"]
[Site "Chess.com"]
[Date "2024.07.09"]
[Round "6"]
[White "burbur555"]
[Black "SVijayalakshmi"]
[Result "1-0"]
[WhiteElo "2739"]
[BlackElo "2551"]
[TimeControl "180+1"]
[EndTime "9:07:53 PDT"]
[Termination "burbur555 won by resignation"]

1. Nf3 Nf6 2. c4 g6 3. d4 Bg7 4.
Bf4 O-O 5. e3 d6 6. Nc3 Nbd7 7.
h3 Re8 8. Be2 c6 9. O-O Qa5 10.
Bh2 e5 11. Rb1 e4 12. Nd2 d5 13. b4 Qd8 14. b5 Nf8 15. bxc6 bxc6 16. cxd5 cxd5 17.
Nb5 Ne6 18. Nd6 Re7 19. Nxc8 Rxc8 20. Qa4 Qe8 21. Bb5 Qd8 22. Nb3 Ne8 23. Na5 f5 24. Nc6 Rxc6 25. Bxc6 f4 26. Qb5 N8c7 27. Qb8 Qxb8 28.
Rxb8+ Kf7 29. Rb7 a6 30. Rc1 g5 31. Kf1 h5 32. Ke2 h4 33. Ba4 Bh6 34. Rc6 Kf6 35. Rd6 Rf7 36. Bb3 Kf5 37. Bxd5 Nxd5 38. Rxf7+ Kg6 39. Rxe6+ Kxf7 40. Rxh6 1-0

[Event "Early-Titled-Tuesday-Blitz-July-09-2024"]
[Site "Chess.com"]
[Date "2024.07.09"]
[Round "6"]
[White "Pavlov_Sergey"]
[Black "AsaHoffmann"]
[Result "1-0"]
[WhiteElo "2665"]
[BlackElo "2400"]
[TimeControl "180+1"]
[EndTime "9:07:56 PDT"]
[Termination "Pavlov_Sergey won by resignation"]

1. c4 Nf6 2. Nf3 d6 3. d4 c6 4. g3 Bf5 5. Bg2 h6 6. O-O Nbd7 7. Re1 e5 8. Nc3 e4 9. Nd2 d5 10. Qb3 Qb6 11. cxd5 Qxb3 12. axb3 cxd5 13. Nb5 Kd8 14.
Nxa7 Rb8 15. Nf1 Bb4 16. Rd1 Ke7 17. Bf4 Ra8 18. Nb5 g5 19. Be5 Rxa1 20. Rxa1 Nxe5 21. dxe5 Nd7 22. Ne3 Be6 23. Nc7 Nb6 24. Ra7 Rc8 25. Rxb7 Kf8 26. Nxe6+ fxe6 27. Rxb6 Rc1+ 28. Nf1 Bc5 29.
Rxe6 e3 30. Bxd5 exf2+ 31. Kg2 Rc2 32. Bc4 Bd4 33. Rxh6 1-0

[Event "Early-Titled-Tuesday-Blitz-July-09-2024"]
[Site "Chess.com"]
[Date "2024.07.09"]
[Round "6"]
[White "GrotBchess"]
[Black "sofaceindisguise"]
[Result "0-1"]
[WhiteElo "2596"]
[BlackElo "2769"]
[TimeControl "180+1"]
[EndTime "9:07:57 PDT"]
[Termination "sofaceindisguise won by resignation"]

1. e4 c5 2. Nf3 d6 3. Bb5+ Nd7 4.
c3 a6 5. Ba4 b5 6. Bc2 Bb7 7. O-O g6 8. d4 Bg7 9. Qe2 e5 10. dxe5 dxe5 11. a4 Bc6 12. axb5 axb5 13. Rxa8 Qxa8 14. Na3 Qb7 15. Bd3 c4 16. Bb1 Ngf6 17.
Re1 O-O 18. Bg5 Re8 19. Nd2 Nc5 20. Bxf6 Bxf6 21. Nc2 Nd3 22. Rf1 Nxb2 23. Nb4 Na4 24.
Qe3 Be7 25. Nf3 Bc5 26. Qh6 f6 27. Qd2 Bxb4 28. cxb4 Qe7 29. Bc2 Rd8 30. Qe1 Nb2 31. Qc3 Nd3 32. Rd1 Bxe4 33. Nd2 Bf5 34. g4 Bxg4 35.
Ne4 Bxd1 36. Bxd1 Nxb4 37. Bg4 Nd3 38. Qa1 f5 39. Qa6 fxe4 40. Be6+ Kh8 0-1

[Event "Early-Titled-Tuesday-Blitz-July-09-2024"]
[Site "Chess.com"]
[Date "2024.07.09"]
[Round "6"]
[White "Pitomina"]
[Black "Alexchess1984"]
[Result "0-1"]
[WhiteElo "2584"]
[BlackElo "2794"]
[TimeControl "180+1"]
[EndTime "9:07:58 PDT"]
[Termination "Alexchess1984 won by resignation"]

1. e4 e6 2. d4 d5 3. Nd2 Nf6 4. e5 Nfd7 5. Bd3 c5 6. c3 Nc6 7.
Ne2 cxd4 8. cxd4 f6 9. exf6 Qxf6 10. Nf3 h6 11. O-O Bd6 12. Nc3 O-O 13. Be3 Rd8 14. Re1 Nf8 15. Bb5 Bd7 16. Bxc6 Bxc6 17. Ne5 Bxe5 18. dxe5 Qf5 19. g4 Qf7 20. Qd4 Ng6 21.
f4 Nh4 22. Rf1 Qg6 23. h3 Rac8 24. Kh2 Qc2+ 25. Kg3 Ng6 26. f5 exf5 27. gxf5 Ne7 28. Qg4 d4 29. Rf2 Nxf5+ 30. Kh2 Nxe3 31. Qe6+ Kh8 32.
Rxc2 Nxc2 33. Rg1 dxc3 34. Qf7 Rd2+ 35. Kg3 cxb2 36. Rb1 Na3 37. Rxb2 Rxb2 38. e6 0-1

[Event "Early-Titled-Tuesday-Blitz-July-09-2024"]
[Site "Chess.com"]
[Date "2024.07.09"]
[Round "6"]
[White "Lady_Nika"]
[Black "santig8"]
[Result "1-0"]
[WhiteElo "2521"]
[BlackElo "2278"]
[TimeControl "180+1"]
[EndTime "9:07:58 PDT"]
[Termination "Lady_Nika won by resignation"]

1. c4 Nf6 2. Nc3 d6 3. d4 e5 4. d5 e4 5. Bg5 Bf5 6. Qd4 Nbd7 7. h3 Be7 8. g4 Bg6 9. Bg2 h6 10. Bd2 O-O 11. g5 hxg5 12. Bxg5 Re8 13. h4 Nh5 14. Nxe4 Bxe4 15. Bxe4 Bxg5 16. hxg5 Nc5 17.
Bf3 Nf4 18. O-O-O Qxg5 19. e3 Ng6 20. Rh5 Qe7 21. Ne2 Ne5 22. Rdh1 f6 23. Rh8+ Kf7 24.
Bh5+ Ng6 25. Bxg6+ Kxg6 26. Qg4+ Kf7 27. Qh5+ 1-0

[Event "Early-Titled-Tuesday-Blitz-July-09-2024"]
[Site "Chess.com"]
[Date "2024.07.09"]
[Round "6"]
[White "LikeWater"]
[Black "Chessbard1972"]
[Result "1/2-1/2"]
[WhiteElo "2689"]
[BlackElo "2239"]
[TimeControl "180+1"]
[EndTime "9:08:00 PDT"]
[Termination "Game drawn - insufficient material"]

1. e4 e5 2. Nf3 Nc6 3. Bc4 Nf6 4. d4 exd4 5. O-O Nxe4 6. Re1 d5 7. Bxd5 Qxd5 8. Nc3 Qa5 9. Nxe4 Be6 10. Neg5 O-O-O 11. Nxe6 fxe6 12. Rxe6 Qh5 13. Bg5 Rd7 14. Qe2 Bd6 15.
Re1 Bxh2+ 16. Kf1 Bd6 17. Re8+ Rxe8 18. Qxe8+ Qxe8 19. Rxe8+ Nd8 20. Nxd4 h6 21. Bxd8 Rxd8 22. Rxd8+ Kxd8 23. Ne6+ Ke7 24. Nxg7 Be5 25. Nf5+ Kf6 26. Nxh6 Bxb2 27. Ke2 Kg5 28. Nf7+ Kf6 29. Nd8 b6 30.
Nc6 a5 31. f4 Ke6 32. Kf3 Kd6 33. Nd8 Ke7 34. Nc6+ Kd6 35. Ne5 Bxe5 36. fxe5+ Kxe5 37. Ke3 b5 38. g3 c5 39. c3 b4 40. Kd3 a4 41.
Kc2 Ke4 42. Kd2 Kf3 43. cxb4 cxb4 44. Kd3 Kxg3 45. Kc4 b3 46. axb3 axb3 47. Kxb3 1/2-1/2

[Event "Early-Titled-Tuesday-Blitz-July-09-2024"]
[Site "Chess.com"]
[Date "2024.07.09"]
[Round "6"]
[White "GothamChess"]
[Black "sergeikim"]
[Result "1-0"]
[WhiteElo "2761"]
[BlackElo "2589"]
[TimeControl "180+1"]
[EndTime "9:08:00 PDT"]
[Termination "GothamChess won by resignation"]

1. e4 e5 2. Nc3 Nf6 3. d4 exd4 4. Qxd4 Nc6 5. Qd3 Bb4 6. Bg5 h6 7. Bh4 Bxc3+ 8. Qxc3 d6 9. O-O-O O-O 10. Bxf6 Qxf6 11. Qxf6 gxf6 12. Bd3 Be6 13. Ne2 Ne5 14. Kb1 Rfd8 15.
Nf4 Kf8 16. Be2 Ke7 17. h3 c6 18. g4 Bc4 19. Bxc4 Nxc4 20. Rd4 Ne5 21. Rhd1 b5 22.
b3 a5 23. Nh5 Nf3 24. R4d3 Ng5 25. Ng3 Ke6 26. h4 Nh7 27. Nf5 d5 28. Re1 Kd7 29.
exd5 cxd5 30. Re7+ Kc6 31. Rxf7 Nf8 32. Rxf6+ Kc5 33.
Rc3+ Kb4 34. Kb2 1-0

[Event "Early-Titled-Tuesday-Blitz-July-09-2024"]
[Site "Chess.com"]
[Date "2024.07.09"]
[Round "6"]
[White "BaylavChess"]
[Black "gafkens"]
[Result "0-1"]
[WhiteElo "2433"]
[BlackElo "2646"]
[TimeControl "180+1"]
[EndTime "9:08:00 PDT"]
[Termination "gafkens won by resignation"]

1. d4 g6 2. e4 Bg7 3. Nc3 d6 4. f4 Nf6 5. Nf3 c5 6. dxc5 Qa5 7. Bd3 Qxc5 8. Qe2 Bg4 9. Be3 Qa5 10. O-O Nc6 11. h3 Bxf3 12. Qxf3 Nd7 13. Nd5 e6 14. Nc3 Nc5 15. a3 Bxc3 16. bxc3 Qxc3 17. Rfd1 Nxd3 18. cxd3 O-O 19. d4 d5 20. exd5 exd5 21.
Rdc1 Qd3 22. Rd1 Qf5 23. g4 Qd7 24. f5 Rfe8 25. Bh6 Re4 26. fxg6 fxg6 27. Rf1 Qe7 28. Qb3 Rd8 29. Rab1 b6 30. Rbd1 Nxd4 31. Qc3 Ne2+ 0-1

[Event "Early-Titled-Tuesday-Blitz-July-09-2024"]
[Site "Chess.com"]
[Date "2024.07.09"]
[Round "6"]
[White "Chessgod9oninsta"]
[Black "Ginger_GM"]
[Result "1/2-1/2"]
[WhiteElo "2780"]
[BlackElo "2610"]
[TimeControl "180+1"]
[EndTime "9:08:01 PDT"]
[Termination "Game drawn by agreement"]

1. d4 e6 2. c4 b6 3. e4 Bb7 4.
Bd3 Bb4+ 5. Bd2 Bxd2+ 6. Qxd2 f5 7. Nc3 Nf6 8. f3 O-O 9. O-O-O Nc6 10. Nge2 fxe4 11.
Nxe4 e5 12. d5 Ne7 13. N2c3 Ng6 14. Rde1 d6 15. g3 Nxe4 16. Bxe4 Qf6 17. h4 Bc8 18. h5 Ne7 19. g4 h6 20. Reg1 Qg5 21. Qxg5 hxg5 22.
h6 g6 23. Kd2 Kh7 24. Ke3 Ng8 25. Rh5 Nf6 26. Rh2 Bd7 27. b4 a5 28. b5 Rf7 29.
Rg3 Raf8 30. Bd3 Rh8 31. Ne4 Nxe4 32. Bxe4 Rf4 33. Kd3 Be8 34. Ke3 Kg8 35. Rg1 Rh7 36. a4 Kf7 37. Rgh1 Ke7 38. Kd3 Rf8 39. Ke3 Rfh8 40.
Rh3 Kf6 41. Kf2 Bd7 42. Kg3 Bc8 43. Kf2 Bd7 44. Ke3 Bc8 45. Kd3 1/2-1/2

[Event "Early-Titled-Tuesday-Blitz-July-09-2024"]
[Site "Chess.com"]
[Date "2024.07.09"]
[Round "6"]
[White "Chess_master1982"]
[Black "le-castor-faineant"]
[Result "1-0"]
[WhiteElo "2644"]
[BlackElo "2324"]
[TimeControl "180+1"]
[EndTime "9:08:01 PDT"]
[Termination "Chess_master1982 won on time"]

1. e4 e5 2. f4 d5 3. exd5 e4 4. d3 Nf6 5. dxe4 Nxe4 6. Nf3 Bc5 7. Qe2 Qe7 8. Nc3 f5 9. Nxe4 fxe4 10. Ne5 O-O 11. Be3 Nd7 12. Nxd7 Bxd7 13. O-O-O Bd6 14. g3 b5 15. Kb1 a5 16. Qd2 a4 17.
Be2 b4 18. Bc4 Rfb8 19. Bd4 Bb5 20. Qe2 Bd7 21. Rhe1 Re8 22. Be5 b3 23. cxb3 axb3 24. Bxb3 Kh8 25. Qxe4 Qf7 26. Bc2 Qh5 27. Qe2 Bg4 28. Qd2 Bxd1 29. Bxd1 Qf5+ 30. Bc2 Qh5 31. Qd4 Bxe5 32. fxe5 Rad8 33. Qe4 Rd7 34. g4 Qh4 35. Rf1 Rde7 36. e6 g6 37. Qe5+ 1-0

[Event "Early-Titled-Tuesday-Blitz-July-09-2024"]
[Site "Chess.com"]
[Date "2024.07.09"]
[Round "6"]
[White "Juicy_Fork"]
[Black "kadirsoria"]
[Result "1-0"]
[WhiteElo "2454"]
[BlackElo "2233"]
[TimeControl "180+1"]
[EndTime "9:08:02 PDT"]
[Termination "Juicy_Fork won on time"]

1. Nc3 c5 2. Nf3 g6 3. d4 cxd4 4. Qxd4 Nf6 5. Bg5 Nc6 6. Qd2 Bg7 7.
Bh6 Bxh6 8. Qxh6 Qb6 9. O-O-O Qxf2 10. e4 d6 11. Bb5 Bg4 12. Nd5 O-O-O 13. Qf4 Bxf3 14.
Bxc6 bxc6 15. Nxe7+ Kb7 16. Rhf1 Qc5 17. Rxf3 Nh5 18. Qxf7 Rhf8 19. Qxh7 Rxf3 20. Nd5+ 1-0

[Event "Early-Titled-Tuesday-Blitz-July-09-2024"]
[Site "Chess.com"]
[Date "2024.07.09"]
[Round "6"]
[White "chessdjw"]
[Black "Stanbad1"]
[Result "0-1"]
[WhiteElo "2750"]
[BlackElo "2611"]
[TimeControl "180+1"]
[EndTime "9:08:03 PDT"]
[Termination "Stanbad1 won on time"]

1. c4 Nf6 2. Nc3 g6 3. d4 d6 4. e4 Bg7 5. Be2 O-O 6. Bg5 c5 7. d5 b5 8. cxb5 a6 9. a4 axb5 10. Bxb5 Na6 11. Nge2 Nc7 12. O-O Rb8 13. Qd3 Ng4 14.
f4 Bd7 15. h3 Nf6 16. Kh1 h6 17. Bh4 Nxb5 18. Nxb5 Bxb5 19. axb5 Ne8 20. Nc3 Nc7 21.
f5 g5 22. Bg3 Bxc3 23. bxc3 f6 24. c4 Na8 25. Ra6 Nb6 26. Rfa1 Nd7 27. Qc3 Qc7 28. Ra7 Rb7 29. Qa5 Qxa5 30. R1xa5 Rfb8 31. Rxb7 Rxb7 32.
Ra8+ Kf7 33. Ra3 Nb6 34. Rc3 Ra7 35. Kg1 Ra4 36. Be1 Ra1 37. Kf2 Ra4 38. Ke2 Nxc4 39. Rb3 Nb6 40. Kf3 h5 41. Bf2 Nc4 42. b6 Nd2+ 43.
Ke2 Nxb3 0-1

[Event "Early-Titled-Tuesday-Blitz-July-09-2024"]
[Site "Chess.com"]
[Date "2024.07.09"]
[Round "6"]
[White "elis06"]
[Black "esskeettit"]
[Result "0-1"]
[WhiteElo "2408"]
[BlackElo "2537"]
[TimeControl "180+1"]
[EndTime "9:08:03 PDT"]
[Termination "esskeettit won by checkmate"]

1. d4 d5 2. c4 dxc4 3. Nf3 Nf6 4. e3 e6 5. Bxc4 Be7 6. O-O O-O 7. Nc3 b6 8. Re1 Bb7 9. Qe2 c5 10. dxc5 Bxc5 11.
b3 Nbd7 12. Bb2 Rc8 13. Rad1 Qe7 14. e4 Ng4 15. Rf1 Nde5 16. Nxe5 Nxe5 17. Bb5 Rfd8 18. Kh1 Qh4 19. h3 Ng6 20. Qf3 a6 21. Be2 Rxd1 22.
Bxd1 Bd4 23. Bc2 Qf6 24. Qxf6 gxf6 25. Rd1 Bxc3 26. Bxc3 Rxc3 27. Rd7 Bc6 28. Rd8+ Kg7 29. Bd3 Ne5 30. Bf1 Bxe4 31. Bxa6 Rc2 32. a4 Rxf2 33. h4 Rxg2 34. h5 Rg5+ 35. Kh2 Nf3+ 36. Kh3 f5 37. h6+ Kxh6 38. Rh8 f4 39. b4 Rg3# 0-1

[Event "Early-Titled-Tuesday-Blitz-July-09-2024"]
[Site "Chess.com"]
[Date "2024.07.09"]
[Round "6"]
[White "gpsji27"]
[Black "ACollins05"]
[Result "0-1"]
[WhiteElo "2344"]
[BlackElo "2496"]
[TimeControl "180+1"]
[EndTime "9:08:03 PDT"]
[Termination "ACollins05 won by resignation"]

1. d4 b5 2. e4 a6 3. Nf3 Bb7 4. Bd3 e6 5. Bf4 c5 6. c3 Nf6 7. Nbd2 Be7 8. O-O O-O 9. Qe2 d6 10. Rad1 Nbd7 11. e5 Nd5 12. Bg3 dxe5 13. dxe5 Re8 14.
Ne4 Qc7 15. Nd6 Bxd6 16. exd6 Qc6 17. Be4 N7f6 18. Ne5 Nxc3 19. Bxc6 Nxe2+ 20. Kh1 Nxg3+ 21. hxg3 Bxc6 22. Nxc6 Nd7 23. Rfe1 Kf8 24. f4 c4 25. Ne5 Red8 26. Re4 Nf6 27. Red4 Nd5 28. f5 Rxd6 29. fxe6 fxe6 30. Nf3 Rad8 31. Ng5 Ke7 32.
Ne4 Rc6 33. Ng5 h6 34. Nf3 Rcd6 35. Ne5 Ne3 36. Ng6+ Ke8 37. Rxd6 Nxd1 38. Rxe6+ Kf7 39. Rxa6 Nxb2 40. Ne5+ Kg8 41. Rb6 Nd3 42. Nxd3 cxd3 0-1

[Event "Early-Titled-Tuesday-Blitz-July-09-2024"]
[Site "Chess.com"]
[Date "2024.07.09"]
[Round "6"]
[White "Resignify"]
[Black "Hirna2005"]
[Result "0-1"]
[WhiteElo "2262"]
[BlackElo "2417"]
[TimeControl "180+1"]
[EndTime "9:08:03 PDT"]
[Termination "Hirna2005 won on time"]

1. e4 g6 2. d4 Bg7 3. Nc3 d6 4. g3 a6 5. Bg2 Nc6 6. Be3 e5 7.
Nge2 Bg4 8. f3 Bd7 9. d5 Nce7 10. Qd2 f5 11. Bh3 Nf6 12. O-O-O O-O 13. Bg2 b5 14. Bh6 b4 15. Nb1 Bxh6 16. Qxh6 fxe4 17. Nd2 Nf5 18. Qg5 exf3 19. Bxf3 Kg7 20. Ne4 Bb5 21.
Nxf6 Rxf6 22. c3 Bxe2 23. Bxe2 bxc3 24. bxc3 Rb8 25. Bd3 Qd7 26. Rhf1 Rbf8 27. Bxf5 Rxf5 28. Rxf5 Rxf5 29. Qd2 Qa4 0-1

[Event "Early-Titled-Tuesday-Blitz-July-09-2024"]
[Site "Chess.com"]
[Date "2024.07.09"]
[Round "6"]
[White "Sawatdeekhrap"]
[Black "Dedic8"]
[Result "0-1"]
[WhiteElo "2762"]
[BlackElo "2974"]
[TimeControl "180+1"]
[EndTime "9:08:04 PDT"]
[Termination "Dedic8 won by resignation"]

1. e4 c5 2. Nf3 d6 3. d4 cxd4 4. Nxd4 Nf6 5. Nc3 Nc6 6. Bg5 Qa5 7. Bxf6 gxf6 8. Bb5 Bd7 9. O-O e6 10. Rb1 a6 11. Bxc6 bxc6 12. b4 Qc7 13. Qd3 Be7 14.
Rb3 O-O 15. Qh3 Kh8 16. Qh5 Rg8 17. Qxf7 Rg7 18. Nxe6 Rxf7 19. Nxc7 Ra7 20. N7d5 cxd5 21. Nxd5 Bb5 22. Rc1 Bc4 23. Ra3 f5 24. Ne3 Bg5 25. exf5 Rae7 26. Rd1 Bxe3 27. Rxe3 Rxe3 28. fxe3 Rxf5 29.
g4 Rf6 30. a4 d5 31. Rd4 Rf3 32. b5 axb5 33. axb5 Rxe3 34. b6 Re6 35. Kf2 Rxb6 36. Kg3 Re6 37. Rd2 Kg7 38. h4 Re2 39. Rxe2 Bxe2 40.
Kf4 Kf6 41. c3 Bd1 42. Kg3 Ke5 43. h5 h6 44. g5 hxg5 45. h6 Kf6 46. c4 dxc4 0-1